 Dungeon Crawl Stone Soup version 0.30-a0-626-gd6a5dd7a1f (webtiles) character file.

Game seed: 13319380194506762705

16 Sweetruy1997 the Chopper (level 2, 0/27 HPs)
             Began as a Hill Orc Monk on Jan 12, 2023.
             Slain by a goblin
             ... wielding a +0 dagger
              (4 damage)
             ... on level 1 of the Dungeon.
             The game lasted 00:01:15 (398 turns).

Sweetruy1997 the Chopper (Hill Orc Monk)             Turns: 398, Time: 00:01:16

Health: 0/27       AC:  2    Str: 13    XL:     2   Next: 54%
Magic:  2/2        EV: 12    Int: 10    God:
Gold:   16         SH:  0    Dex: 13    Spells: 1/1 levels left

rFire   . . .      SeeInvis .    a - +0 hand axe
rCold   . . .      Faith    .    (no shield)
rNeg    . . .      Spirit   .    b - +0 robe
rPois   .          Reflect  .    (no helmet)
rElec   .          Harm     .    (no cloak)
rCorr   .          Rampage  .    (no gloves)
Will    .....                    (no boots)
Stlth   ++                       (no amulet)
HPRegen 0.24/turn                (no ring)
MPRegen 0.08/turn                (no ring)

@: no status effects
A: no striking features
a: no special abilities


You were on level 1 of the Dungeon.
You visited 1 branch of the dungeon, and saw 1 of its levels.

You collected 16 gold pieces.

Inventory:

Hand Weapons
 a - a +0 hand axe (weapon)
Armour
 b - a +0 robe (worn)
Scrolls
 d - a scroll of identify {unknown}
 g - a scroll of poison {unknown}
Potions
 c - a potion of ambrosia
 e - a potion of haste {unknown}
 f - a potion of curing {unknown}


   Skills:
 + Level 3.9 Fighting
 + Level 4.4 Axes
 + Level 2.6 Dodging
 + Level 1.6 Stealth


You had one spell level left.
You didn't know any spells.
Your spell library was empty.

Dungeon Overview and Level Annotations

Branches:
Dungeon (1/15)

Altars:


Message History

The endoplasm attacks as you move away! The endoplasm barely misses you.
A goblin comes into view. It is wielding a +0 dagger.
A frilled lizard comes into view.
The goblin shouts!
The goblin hits you but does no damage. The frilled lizard bites you.
The goblin attacks as you move away! The goblin closely misses you.
The endoplasm attacks as you move away! The endoplasm closely misses you.
The frilled lizard attacks as you move away!
The frilled lizard bites you.
* * * LOW HITPOINT WARNING * * *
You slash the endoplasm!
You kill the endoplasm!
You closely miss the frilled lizard. The frilled lizard closely misses you.
You hit the frilled lizard.
The frilled lizard is heavily wounded.
The frilled lizard bites you.
* * * LOW HITPOINT WARNING * * *
You hit the frilled lizard.
You kill the frilled lizard!
You hit the endoplasm.
The endoplasm is almost dead.
The endoplasm freezes you.
You are frozen.
* * * LOW HITPOINT WARNING * * *
You hit the endoplasm.
You kill the endoplasm!
You hit the goblin.
The goblin is moderately wounded.
A kobold comes into view. It is wielding a +0 whip.
The goblin hits you with a +0 dagger.
* * * LOW HITPOINT WARNING * * *
The kobold shouts!
You hit the goblin but do no damage.
The goblin is moderately wounded.
The goblin hits you with a +0 dagger.
* * * LOW HITPOINT WARNING * * *
You hit the goblin.
The goblin is severely wounded.
The goblin hits you with a +0 dagger.
You die...

.######## ..
........# ...
#.#.#####@# ....
#.#.....#g###....
#.....#..K.......
#................
#.....##.........
#..... ##.###....
#.....###.# .#.#
# #.....# . .
#.....# .


You could see a goblin and a kobold.

Vanquished Creatures
  3 endoplasms (D:1)
  A goblin (D:1)
  2 hobgoblins (D:1)
  2 jackals (D:1)
  A kobold (D:1)
  3 bats (D:1)
  A frilled lizard (D:1)
  A rat (D:1)
14 creatures vanquished.

Notes
Turn   | Place    | Note
-------+----------+-------------------------------------------
     0 | D:1      | Sweetruy1997 the Hill Orc Monk began the quest for the Orb.
     0 | D:1      | Reached XP level 1. HP: 19/19 MP: 1/1
   262 | D:1      | Reached XP level 2. HP: 26/27 MP: 2/2
   398 | D:1      | Slain by a goblin

Illustrated notes

Levels and vault maps discovered:
D:1:      minmay_arrival_plants_in_alcoves, layout_basic, minmay_pentomino_z2

Action                   || total
-------------------------++-------
Melee: Hand axe          ||    54
 Stab: Sleeping          ||     1
Armor: Robe              ||     8
Dodge: Dodged            ||    35

Table legend: (Time is in decaauts)
 A = Elapsed time spent in this place.
 B = Non-inter-level travel time spent in this place.
 C = Inter-level travel time spent in this place.
 D = Time resting spent in this place.
 E = Time spent auto-exploring this place.
 F = Levels seen in this place.
 G = Mean time per level.
                   A        B        C        D        E       F      G
               +--------+--------+--------+--------+--------+-----+--------+
         Total |    402 |    402 |      0 |      0 |    294 |   1 |  402.0 |
       Dungeon |    402 |    402 |      0 |      0 |    294 |   1 |  402.0 |
               +--------+--------+--------+--------+--------+-----+--------+

Top non-repeatable levels by time:
     D:1: 402 daAuts
